 Dungeon Crawl Stone Soup version 0.31-a0-557-g6e16503903 (webtiles) character file.

Game seed: 9711822508444840460

165 IdlyInterested the Cudgeller (level 5, 0/41 HPs)
             Began as a Demonspawn Fighter on Aug 16, 2023.
             Succumbed to an orc priest's poison
             ... on level 4 of the Dungeon.
             The game lasted 00:07:17 (2543 turns).

IdlyInterested the Cudgeller (Demonspawn Fighter)   Turns: 2543, Time: 00:07:17

Health: 0/41       AC: 11    Str: 19    XL:     5   Next: 21%
Magic:  5/5        EV:  9    Int:  9    God:
Gold:   120        SH:  9    Dex: 12    Spells: 4/4 levels left

rFire   x . .        e - +6 mace
rCold   + + .        c - +0 buckler
rNeg    . . .        i - +0 ice dragon scales
rPois   .            (no helmet)
rElec   .            (no cloak)
rCorr   +            q - +0 pair of gloves
SInv    .            (no boots)
Will    .....        g - amulet of reflection Stlth
                     k - ring of resist corrosion
HPRegen 0.26/turn    (no ring)
MPRegen 0.09/turn

%: reflection
@: mighty, lethally poisoned (0 -> -2)
A: powered by death 2
a: no special abilities


You were on level 4 of the Dungeon.
You visited 1 branch of the dungeon, and saw 4 of its levels.

You collected 120 gold pieces.

Inventory:

Hand Weapons
 a - a +0 flail
 e - a +6 mace (weapon)
 m - a +2 dagger of venom
Missiles
 f - 21 stones (quivered)
 l - 6 poisoned darts
Armour
 b - a +0 scale mail
 c - a +0 buckler (worn)
 i - +0 ice dragon scales (worn)
 j - a +2 ring mail of cold resistance
 q - a +0 pair of gloves (worn)
Jewellery
 g - an amulet of reflection (around neck)
 k - a ring of resist corrosion (left hand)
Scrolls
 h - a scroll of fog
Potions
 n - a potion of attraction


   Skills:
 + Level 3.0 Fighting
 * Level 4.3 Maces & Flails
 - Level 1.0 Throwing
 - Level 2.6 Armour
 - Level 1.0 Dodging
 - Level 1.0 Stealth
 - Level 2.6 Shields
 - Level 1.0 Evocations


You had 4 spell levels left.
You didn't know any spells.
Your spell library contained the following spells:

 Spells                   Type           Power      Damage    Failure   Level
 Ensorcelled Hibernation  Hex/Ice        0%         N/A       96%         2
 Passwall                 Tmut/Erth      0%         N/A       96%         2
 Scorch                   Fire           0%         2d5       96%         2
 Swiftness                Air            0%         N/A       99%         3
 Flame Wave               Conj/Fire      0%         2d4       100%        4
 Summon Cactus Giant      Summ           0%         N/A       100%        6


Dungeon Overview and Level Annotations

Branches:
Dungeon (4/15)
 Temple: D:4-7

Altars:
Ashenzari
Cheibriados
Dithmenos
Qazlal
Trog

Shops:
D:2 ?

Annotations:
D:4 1 runed translucent door, Crazy Yiuf, Dowan, Duvessa


Innate Abilities, Weirdness & Mutations

You regenerate health from kills.


Message History

You sock the orc priest!
The orc priest is almost dead.
You feel very sick.
Dowan generates a fountain of clear water, and laughs cruelly.
You block Duvessa's attack. You block the orc priest's attack.
You sock the orc priest!
You kill the orc priest!
* * * LOW HITPOINT WARNING * * *
You feel very sick. Duvessa hits you but does no damage.
An adder comes into view.
Training target 1.0 for Evocations reached!
Your Evocations skill increases to level 1!
You have reached level 5!
The adder hisses angrily.
You thump Duvessa!
Duvessa is moderately wounded.
You feel sick. You block Duvessa's attack.
You closely miss Duvessa.
Duvessa is moderately wounded.
You feel sick. You block Duvessa's attack.
Dowan mumbles some strange words.
Dowan blinks!
Duvessa hits you with a +0 rapier.
* * * LOW HITPOINT WARNING * * *
You sock Duvessa!
Duvessa is heavily wounded.
* * * LOW HITPOINT WARNING * * *
You feel sick.
Dowan points at you and mumbles some strange words.
The puff of frost hits you. You resist.
* * * LOW HITPOINT WARNING * * *
You block Duvessa's attack.
You completely miss Duvessa.
Duvessa is heavily wounded.
* * * LOW HITPOINT WARNING * * *
You feel sick. Duvessa hits you but does no damage.
Okay, then.
You closely miss Duvessa.
Duvessa is heavily wounded.
You die...

#......#.#
#.######.#
... #.#
###. #.# #
#. # #.#.#
.###e##.#.#
.......S..#
.###.##e###
# #@# #e#
#.# #.# #.#
#.# #.# #.#


You could see Duvessa, Dowan and an adder.

Vanquished Creatures
  A jelly (D:4)
  An orc priest (D:4)
  An iguana (D:4)
  An adder (D:4)
  A worm (D:2)
  2 dart slugs
  4 ball pythons (D:1)
  4 bats
  A bat skeleton (D:2)
  4 endoplasms
  2 giant cockroaches
  8 goblins
  8 hobgoblins
  4 jackals
  4 kobolds (D:1)
  2 quokkas
  A ball python zombie (D:2)
  4 frilled lizards
  A quokka skeleton (D:2)
  A quokka zombie (D:2)
  6 rats
61 creatures vanquished.

Notes
Turn   | Place    | Note
-------+----------+-------------------------------------------
     0 | D:1      | IdlyInterested the Demonspawn Fighter began the quest for
                  | the Orb.
     0 | D:1      | Reached XP level 1. HP: 18/18 MP: 1/1
    87 | D:1      | Reached skill level 2 in Maces & Flails
   124 | D:1      | Gained mutation: You regenerate a little health from kills.
                  | [demonic ancestry]
   124 | D:1      | Reached XP level 2. HP: 24/24 MP: 2/2
   228 | D:1      | Reached skill level 1 in Dodging
   454 | D:1      | Gained mutation: You regenerate health from kills. [demonic
                  | ancestry]
   454 | D:1      | Reached XP level 3. HP: 29/29 MP: 3/3
   616 | D:2      | Found Ecuprae's Magic Scroll Shoppe.
   645 | D:2      | Reached skill level 3 in Maces & Flails
   784 | D:2      | Found a shadowy altar of Dithmenos.
  1190 | D:2      | Reached skill level 1 in Throwing
  1545 | D:3      | Found a snail-covered altar of Cheibriados.
  1547 | D:3      | Found a stormy altar of Qazlal.
  1606 | D:3      | Found a broken altar of Ashenzari.
  1946 | D:3      | Found a faded altar of an unknown god.
  2046 | D:3      | Reached XP level 4. HP: 35/35 MP: 4/4
  2049 | D:3      | Found a bloodstained altar of Trog.
  2051 | D:3      | Found a shadowy altar of Dithmenos.
  2416 | D:4      | Reached skill level 1 in Stealth
  2429 | D:4      | Reached skill level 4 in Maces & Flails
  2451 | D:4      | Found a runed translucent door.
  2452 | D:4      | Noticed Crazy Yiuf
  2527 | D:4      | Noticed Dowan
  2528 | D:4      | Noticed Duvessa
  2539 | D:4      | Reached skill level 1 in Evocations
  2539 | D:4      | Reached XP level 5. HP: 11/41 MP: 5/5
  2541 | D:4      | HP: 1/41 [Dowan/puff of frost (2)]
  2543 | D:4      | Succumbed to an orc priest's poison

Illustrated notes

Levels and vault maps discovered:
D:1:      matt_arrival_refuge, layout_basic
D:2:      layout_basic, serial_undead, serial_undead_b, serial_undead_e,
          serial_undead_f, serial_undead_f, serial_shops, nicolae_diamond_shop,
          basic_altar
D:3:      layout_basic, mainiacjoe_overflow_catwalk,
          nicolae_overflow_hidden_temple, shapermc_ecumenical_altar_mp_vishouse
D:4:      layout_loops_ring, uniq_crazy_yiuf_cottage, uniq_duvessa

Skill      XL: |  1  2  3  4 |
---------------+-------------+-----
Maces & Flails | 2 3 4 |  4.3
Dodging        | 1 |  1.0
Throwing       | 1 |  1.0
Stealth        | 1 |  1.0
Evocations     | 1 |  1.0
Fighting       | |  3.0
Armour         | |  2.6
Shields        | |  2.6

Action                     |  1- 3 |  4- 6 || total
---------------------------+-------+-------++-------
  Melee: Mace              |   115 |    28 ||   143
  Throw: Stone             |       |     5 ||     5
    Use: Scroll            |     3 |     3 ||     6
         Potion            |     3 |     3 ||     6
   Stab: Invisible         |     1 |       ||     1
 Armour: Scale mail        |    20 |       ||    20
         Ice dragon scales |    12 |    10 ||    22
  Dodge: Dodged            |    36 |     8 ||    44
  Block: Buckler           |    57 |    18 ||    75
         Reflection        |     1 |     1 ||     2

Table legend: (Time is in decaauts)
 A = Elapsed time spent in this place.
 B = Non-inter-level travel time spent in this place.
 C = Inter-level travel time spent in this place.
 D = Time resting spent in this place.
 E = Time spent auto-exploring this place.
 F = Levels seen in this place.
 G = Mean time per level.
                   A        B        C        D        E       F      G
               +--------+--------+--------+--------+--------+-----+--------+
         Total |   2570 |   2191 |    379 |     32 |   1536 |   4 |  642.5 |
       Dungeon |   2570 |   2191 |    379 |     32 |   1536 |   4 |  642.5 |
               +--------+--------+--------+--------+--------+-----+--------+

Top non-repeatable levels by time:
     D:2: 937 daAuts
     D:3: 854 daAuts
     D:1: 589 daAuts
     D:4: 190 daAuts
